 Dungeon Crawl Stone Soup version 0.27-a0-592-g0306a34022 (webtiles) character file.

Game seed: 13010521939888385872

111 Drazool the Ducker (level 4, 0/35 HPs)
             Began as a Demonspawn Gladiator on Mar 10, 2021.
             Was a Believer of Dithmenos.
             Slain by a worm (7 damage)
             ... on level 3 of the Dungeon.
             The game lasted 00:04:54 (1927 turns).

Drazool the Ducker (Demonspawn Gladiator)           Turns: 1927, Time: 00:04:55

Health: 0/35       AC:  5    Str: 16    XL:     4   Next: 62%
Magic:  4/4        EV: 15    Int:  9    God:    Dithmenos [**....]
Gold:   156        SH:  3    Dex: 14    Spells: 3/3 levels left

rFire    . . .     SeeInvis .   a - +0 trident
rCold    . . .     Faith    .   o - +0 buckler
rNeg     . . .     Spirit   .   b - +0 leather armour
rPois    .         Reflect  .   c - +0 helmet
rElec    .         Harm     .   (no cloak)
rCorr    .         Rampage  .   l - +0 pair of gloves
Will     .....                  (no boots)
Stlth    +.........             k - amulet of the acrobat
HPRegen  0.11/turn              (no ring)
MPRegen  0.09/turn              (no ring)

@: very slightly contaminated, wreathed by umbra, invisible
A: repulsion field 2
a: Renounce Religion, Shadow Step


You were on level 3 of the Dungeon.
You worshipped Dithmenos.
Dithmenos was pleased with you.
You visited 1 branch of the dungeon, and saw 3 of its levels.

You collected 156 gold pieces.

Inventory:

Hand Weapons
 a - a +0 trident (weapon)
Missiles
 d - 3 throwing nets (quivered)
Armour
 b - a +0 leather armour (worn)
 c - a +0 helmet (worn)
 l - a +0 pair of gloves (worn)
 o - a +0 buckler (worn)
Jewellery
 f - a ring of wizardry
 k - an amulet of the acrobat (around neck)
Scrolls
 e - a scroll of teleportation {unknown}
 g - 3 scrolls of amnesia {unknown}
 h - a scroll of fear {unknown}
Potions
 i - a potion of cancellation
 m - a potion of magic
 n - a potion of lignification {unknown}
 p - a potion of ambrosia {unknown}
 q - a potion of attraction {unknown}


   Skills:
 * Level 3.1 Fighting
 * Level 3.5 Polearms
 - Level 1.8 Throwing
 * Level 3.5 Dodging
 + Level 0.3 Shields
 + Level 0.0 Invocations


You had 3 spell levels left.
You didn't know any spells.
Your spell library contained the following spells:

 Spells                   Type           Power      Damage    Failure   Level
 Summon Forest            Summ/Tloc      0%         N/A       100%        5
 Summon Mana Viper        Hex/Summ       0%         N/A       100%        5
 Shadow Creatures         Summ           N/A        N/A       100%        6
 Summon Hydra             Summ           0%         N/A       100%        7


Dungeon Overview and Level Annotations

Branches:
Dungeon (3/15)

Altars:
Dithmenos
Fedhas

Annotations:
D:3 3 runed translucent doors, srzhan31's ghost, amateur GrCj


Innate Abilities, Weirdness & Mutations

You are surrounded by a moderate repulsion field. (EV +3)


Message History

You hit the orc.
The orc is lightly wounded.
The orc hits you from afar with a +0 trident.
* * * LOW HITPOINT WARNING * * *
You block the orc's attack. The orc barely misses you.
You are too injured to fight recklessly!
You fade into invisibility!
You are very lightly contaminated with residual magic.
You puncture the orc!
You kill the orc!
Dithmenos accepts your kill.
You are too injured to fight recklessly!
Reach: a) +0 trident
Press: ? - help, Dir - move target, f - orc, p - worm
Aim: an orc, wielding a +0 whip and wearing a +0 leather armour (umbra, about 41% to evade your +0 trident)
You reach to attack!
You hit the orc.
The orc is lightly wounded.
The orc closely misses you.
You hit the orc.
The orc is moderately wounded.
The orc shouts!
The orc barely misses you.
You hit the orc but do no damage.
The orc is moderately wounded.
The orc hits you with a +0 dagger.
* * * LOW HITPOINT WARNING * * *
You closely miss the orc.
The orc is moderately wounded.
The orc barely misses you. The orc closely misses you.
You hit the orc.
The orc is heavily wounded.
The orc closely misses you. The orc hits you but does no damage.
You hit the orc.
You kill the orc!
Dithmenos accepts your kill. The orc closely misses you.
You hit the orc but do no damage. The orc closely misses you.
You hit the orc but do no damage. The orc completely misses you.
The worm bites you!
You die...

# #..##
#....#.......#o#
####.#
#.#.########.#o.#
...#.#####.#.##
#.#..#8..
##.#....).....#
#.#..##..
##............###
#.#.... 8
#...............##
#8######
..............#..#
###
..###.........##o# .#
#......)..##@# .
#.........##w# .
..........##o#######
.
#'######...#.........
. .. #............. .
.. ####.......... .
#!......... .
#..........
.....#.####


You could see a worm and 2 orcs.

Vanquished Creatures
  4 adders (D:2)
  3 oozes
  2 worms
  2 leopard geckos
  4 orcs
  13 bats
  7 hobgoblins
  7 kobolds
  A ball python (D:2)
  4 frilled lizards
  3 goblins
  6 rats
56 creatures vanquished.

Notes
Turn   | Place    | Note
-------+----------+-------------------------------------------
     0 | D:1      | Drazool the Demonspawn Gladiator began the quest for the
                  | Orb.
     0 | D:1      | Reached XP level 1. HP: 16/16 MP: 1/1
   154 | D:1      | Gained mutation: You are surrounded by a mild repulsion
                  | field. (EV +2) [demonic ancestry]
   154 | D:1      | Reached XP level 2. HP: 19/22 MP: 2/2
   595 | D:2      | Reached XP level 3. HP: 21/28 MP: 3/3
   688 | D:2      | Found a faded altar of an unknown god.
   707 | D:2      | Found a blossoming altar of Fedhas.
   719 | D:2      | Became a worshipper of Dithmenos the Shadowed
   719 | D:2      | Reached * piety under Dithmenos
  1125 | D:2      | Gained mutation: You are surrounded by a moderate repulsion
                  | field. (EV +3) [demonic ancestry]
  1125 | D:2      | Reached XP level 4. HP: 34/34 MP: 4/4
  1575 | D:3      | Reached ** piety under Dithmenos
  1694 | D:3      | Noticed a bullfrog
  1870 | D:3      | Found a runed translucent gate.
  1870 | D:3      | Found a runed translucent gate.
  1870 | D:3      | Found a runed translucent gate.
  1873 | D:3      | Noticed srzhan31's ghost (amateur GrCj)
  1874 | D:3      | Identified the +8 spear of Osoewod {vorpal, Fragile rC+ rN+
                  | SInv}
  1874 | D:3      | Identified the +1 leather armour of Lust {rPois rF+ Str+2}
  1927 | D:3      | Slain by a worm

Illustrated notes

Levels and vault maps discovered:
D:1:      enne_arrival_octagon_isle, layout_rooms, minmay_pentomino_q2
D:2:      kennysheep_big_flooded_room, layout_rooms,
          chequers_ecumenical_altar_simple, fedhas_ov_isle_minmay
D:3:      layout_rooms, nicolae_wu_jian_immortal_techniques,
          biasface_ghost_orc_armoury, grunt_ministairs_11

Skill      XL: |  1  2  3  4 |
---------------+-------------+-----
Dodging        | 3 |  3.5
Polearms       | 3 |  3.5
Fighting       | 3 |  3.1
Throwing       | |  1.8
Shields        | |  0.3

Action                   |  1- 3 |  4- 6 || total
-------------------------+-------+-------++-------
Melee: Trident           |   105 |   134 ||   239
  Use: Scroll            |       |     3 ||     3
       Potion            |       |     1 ||     1
 Stab: Sleeping          |     1 |     1 ||     2
Armor: Leather armour    |    29 |    25 ||    54
Dodge: Dodged            |    90 |   136 ||   226
Block: Buckler           |       |    24 ||    24

Table legend: (Time is in decaauts)
 A = Elapsed time spent in this place.
 B = Non-inter-level travel time spent in this place.
 C = Inter-level travel time spent in this place.
 D = Time resting spent in this place.
 E = Time spent auto-exploring this place.
 F = Levels seen in this place.
 G = Mean time per level.
                   A        B        C        D        E       F      G
               +--------+--------+--------+--------+--------+-----+--------+
         Total |   1970 |   1829 |    141 |     69 |   1283 |   3 |  656.7 |
       Dungeon |   1970 |   1829 |    141 |     69 |   1283 |   3 |  656.7 |
               +--------+--------+--------+--------+--------+-----+--------+

Top non-repeatable levels by time:
     D:2: 1020 daAuts
     D:1: 594 daAuts
     D:3: 355 daAuts
